 Dungeon Crawl Stone Soup version 0.28.0 (webtiles) character file.

Game seed: 17790844985490768203

473 Zeld the Magician (level 6, -1/32 HPs)
             Began as a Deep Elf Fire Elementalist on Feb 19, 2022.
             Was a Follower of Vehumet.
             Slain by a gnoll (6 damage)
             ... on level 3 of the Dungeon.
             The game lasted 00:04:11 (5235 turns).

Zeld the Magician (Deep Elf Fire Elementalist)      Turns: 5235, Time: 00:04:12

Health: -1/32      AC:  3    Str:  5    XL:     6   Next: 84%
Magic:  14/16      EV: 13    Int: 22    God:    Vehumet [*.....]
Gold:   241        SH:  0    Dex: 15    Spells: 9/16 levels left

rFire   . . .      SeeInvis .   (no weapon)
rCold   . . .      Faith    .   (no shield)
rNeg    . . .      Spirit   .   a - +0 robe
rPois   .          Reflect  .   (no helmet)
rElec   .          Harm     .   (no cloak)
rCorr   .          Rampage  .   (no gloves)
Will    .....                   l - +0 pair of boots
Stlth   +++.......              (no amulet)
HPRegen 0.10/turn               (no ring)
MPRegen 0.15/turn               (no ring)

@: no status effects
A: no striking features
a: Renounce Religion


You were on level 3 of the Dungeon.
You worshipped Vehumet.
Vehumet was aware of your devotion.
You visited 1 branch of the dungeon, and saw 3 of its levels.

You collected 241 gold pieces.

Inventory:

Armour
 a - a +0 robe (worn)
 l - a +0 pair of boots (worn)
Wands
 k - a wand of polymorph (6)
Scrolls
 b - 2 scrolls of fog {unknown}
 c - a scroll of brand weapon {unknown}
 h - a scroll of enchant armour {unknown}
 i - a scroll of noise {unknown}
 m - a scroll of identify {unknown}
 n - a scroll of enchant weapon {unknown}
Potions
 d - a potion of resistance {unknown}
 e - 4 potions of curing {unknown}
 f - a potion of flight {unknown}
 g - a potion of heal wounds {unknown}
 j - a potion of attraction {unknown}


   Skills:
 - Level 4.0 Dodging
 + Level 4.1 Stealth
 * Level 5.8 Spellcasting
 + Level 3.0 Conjurations
 * Level 5.4 Fire Magic


You had 9 spell levels left.
You knew the following spells:

 Your Spells              Type           Power      Damage    Failure   Level
a - Foxfire               Conj/Fire      100%       2x1d9     1%          1
b - Scorch                Fire           60%        2d8       1%          2
c - Flame Wave            Conj/Fire      25%        2d7       16%         4

Your spell library contained the following spells:

 Spells                   Type           Power      Damage    Failure   Level
 Shock                    Conj/Air       52%        1d6       4%          1
 Conjure Flame            Conj/Fire      25%        6-21      4%          3
 Inner Flame              Hex/Fire       18%        N/A       9%          3
 Sting                    Tmut/Pois      24%        1d4       10%         1
 Poisonous Vapours        Pois/Air       12%        N/A       14%         2
 Olgreb's Toxic Radiance  Pois           6%         N/A       67%         4


Dungeon Overview and Level Annotations

Branches:
Dungeon (3/15)

Altars:
Qazlal
Vehumet
Xom


Message History

There is an open door here.
There is a huge open gate here.
Casting: Scorch (safe; 1% risk of failure)
Confirm with . or Enter, or press ? or * to list all spells.
Flames lash the gnoll.
You kill the gnoll!
Vehumet accepts your kill.
Unknown command.
Things that are here:
a +0 whip; a +0 flail You see here a +0 club.
You see here a +0 short sword.
There is an open door here.
There is a fountain of clear blue water here.
There is an open door here.
There is a stone staircase leading down here.
The gnoll shouts!
There is an open door here.
There is a fountain of clear blue water here.
The gnoll throws a throwing net.
The throwing net closely misses you.
You see here a throwing net.
There is an open door here.
You see here a +0 spear.
Things that are here:
a +0 leather armour; a +0 dagger The gnoll throws a throwing net.
The throwing net hits you.
You become entangled in the net!
Things that are here:
a throwing net; a +0 ring mail; a +0 club You struggle against the net.
You struggle against the net.
The gnoll shouts!
You shred the net and break free!
The gnoll hits you from afar with a +0 spear.
* * * LOW HITPOINT WARNING * * *
You see here a +0 club.
Items here: ))) [.
There is a stone staircase leading up, spattered with blood here.
The gnoll hits you from afar with a +0 spear.
You die...

.......o...).......
....
................###
#####
##.#......#######
#.#......#
#..#.#.###
##.#.#.### #
#.[.#...## ###
####..#.#).# ####.#
#E##..####'####.@..#
####..#.......##[#.#
...#..#.⌠...⌠.##g#.#
...#..#.).....##g#.#
...#..'...⌠...)[.#.#
####.g#......(####.#
#E###.#.⌠...⌠.# #.#
###..>#.......#
#.########
.....#####'#####
#†)......#


You could see 2 gnolls.

Vanquished Creatures
  A kobold brigand (D:2)
  Natasha (thrice) (D:2)
  19 gnolls
  3 adders
  3 worms (D:2)
  A dart slug (D:1)
  16 orcs
  7 ball pythons
  8 bats
  7 endoplasms
  A giant cockroach (D:3)
  11 goblins
  4 hobgoblins
  9 jackals
  5 kobolds
  5 frilled lizards
  7 rats
110 creatures vanquished.

Vanquished Creatures (others)
  289 foxfires
  2 plants (D:3)
291 creatures vanquished.

Grand Total: 401 creatures vanquished

Notes
Turn   | Place    | Note
-------+----------+-------------------------------------------
     0 | D:1      | Zeld the Deep Elf Fire Elementalist began the quest for the
                  | Orb.
     0 | D:1      | Reached XP level 1. HP: 10/10 MP: 6/6
   242 | D:1      | Reached XP level 2. HP: 15/15 MP: 6/8
   245 | D:1      | Learned a level 2 spell: Scorch
   499 | D:1      | Found a faded altar of an unknown god.
  1175 | D:1      | Reached XP level 3. HP: 19/19 MP: 6/10
  1656 | D:2      | Noticed Natasha
  1663 | D:2      | Killed Natasha
  1664 | D:2      | Reached XP level 4. HP: 24/24 MP: 2/12
  1675 | D:2      | Learned a level 4 spell: Flame Wave
  1885 | D:2      | Noticed Natasha
  1891 | D:2      | Killed Natasha
  2240 | D:2      | Noticed Natasha
  2250 | D:2      | Killed Natasha
  2251 | D:2      | Reached XP level 5. HP: 23/28 MP: 1/13
  3057 | D:3      | Found a radiant altar of Vehumet.
  3061 | D:3      | Found a shimmering altar of Xom.
  3089 | D:3      | Became a worshipper of Vehumet
  3199 | D:3      | Noticed a water elemental
  3200 | D:3      | Found a stormy altar of Qazlal.
  3212 | D:3      | Noticed a fire elemental
  3212 | D:3      | Noticed an air elemental
  3607 | D:3      | Reached skill level 5 in Spellcasting
  4160 | D:2      | Reached skill level 5 in Fire Magic
  4160 | D:2      | Reached XP level 6. HP: 11/32 MP: 3/16
  4368 | D:3      | Reached * piety under Vehumet
  4368 | D:3      | Offered knowledge of Shock by Vehumet.
  5235 | D:3      | Slain by a gnoll

Illustrated notes

Levels and vault maps discovered:
D:1:      shiori_arrival_oz, layout_loops_ring, ebering_ecumenical_altar_mist,
          chequers_serial_rivers_micro_a
D:2:      layout_basic, minivault_19, minmay_stone_trees_small, uniq_natasha
D:3:      lemuel_castle_with_subvaults [lemuel_castle_interior_original],
          layout_basic, nicolae_qazlal_style_of_elements, jmf_multi_god_temple,
          minmay_misc_feat_rows, minmay_parallelograms, grunt_ministairs_2,
          minmay_fountain_box

Skill      XL: |  1  2  3  4  5  6 |
---------------+-------------------+-----
Stealth        | 3 4 |  4.1
Spellcasting   | 4 5 |  5.8
Fire Magic     | 4 5 |  5.4
Dodging        | 3 4 |  4.0
Conjurations   | 2 3 |  3.0

Action                   |  1- 3 |  4- 6 || total
-------------------------+-------+-------++-------
Melee: Unarmed           |       |     5 ||     5
 Cast: Foxfire           |    87 |    88 ||   175
       Scorch            |     2 |    70 ||    72
       Flame Wave        |       |     1 ||     1
Armor: Robe              |     3 |     4 ||     7
Dodge: Dodged            |    16 |    38 ||    54
